 Dungeon Crawl Stone Soup version 0.25-a0-561-g0977b4d109 (webtiles) character file.

Game seed: 2621369735969301357, levelgen mode: deterministic

1743 Flugslaktarn the Chopper (level 8, 0/74 HPs)
             Began as a Deep Dwarf Fighter on Feb 25, 2020.
             Was a Believer of Makhleb.
             Killed by divine providence
             ... invoked by an orc priest
              (10 damage)
             ... on level 7 of the Dungeon.
             The game lasted 00:02:46 (3378 turns).

Flugslaktarn the Chopper (Deep Dwarf Fighter)       Turns: 3378, Time: 00:02:47

Health: 0/74       AC: 12    Str: 21    XL:     8   Next: 77%
Magic:  8/8        EV:  5    Int: 10    God:    Makhleb [**....]
Gold:   138        SH: 10    Dex: 12    Spells: 7/7 levels left

rFire    . . .     SeeInvis .   a - +0 war axe
rCold    . . .     Gourm    .   c - +0 kite shield
rNeg     . . .     Faith    +   f - +0 chain mail
rPois    .         Spirit   .   l - +0 helmet
rElec    .         Reflect  .   (no cloak)
rCorr    .         Harm     .   k - +0 pair of gloves
MR       +....                  (no boots)
Stlth    ..........             o - amulet of faith
HPRegen  0.00/turn              (no ring)
MPRegen  0.11/turn              (no ring)

@: non-regenerating, heavily drained
A: damage resistance, heal wounds, sense surroundings 1, no regeneration
a: Heal Wounds, Minor Destruction, Renounce Religion


You were on level 7 of the Dungeon.
You worshipped Makhleb.
Makhleb was pleased with you.
You were not hungry.

You visited 1 branch of the dungeon, and saw 7 of its levels.
You also visited: Ossuary.

You collected 138 gold pieces.

Inventory:

Hand Weapons
 a - a +0 war axe (weapon)
Armour
 c - a +0 kite shield (worn)
 f - a +0 chain mail (worn)
   (You took it off an orc on level 5 of the Dungeon)
 k - a +0 pair of gloves (worn)
   (You found it on level 5 of the Dungeon)
 l - a +0 helmet (worn)
   (You found it on level 5 of the Dungeon)
Jewellery
 o - an amulet of faith (around neck)
   (You found it on level 4 of the Dungeon)
Scrolls
 b - 2 scrolls of enchant armour
 p - 3 scrolls of remove curse
 t - 2 scrolls of teleportation
 v - a scroll of immolation
Potions
 d - 5 potions of might
 g - 2 potions of stabbing
 h - a potion of haste
 i - a potion of brilliance
 j - a potion of degeneration {unknown}
 m - 2 potions of flight
 n - a potion of mutation {unknown}
 q - 2 potions of curing
 s - a potion of lignification {unknown}
 w - 2 potions of heal wounds
Comestibles
 e - 5 rations
 r - 10 chunks of flesh


   Skills:
 + Level 5.2(4.0) Fighting
 * Level 6.5(5.3) Axes
 + Level 6.3(5.1) Armour
 + Level 6.3(5.1) Shields
 + Level 5.7(4.5) Invocations


You had 7 spell levels left.
You didn't know any spells.
Your spell library was empty.

Dungeon Overview and Level Annotations

Branches:
Dungeon (7/15)             Temple (0/1) D:4         Ossuary (visited)

Altars:
Makhleb

Annotations:
D:5 5 runed translucent doors


Innate Abilities, Weirdness & Mutations

You are resistant to damage.
You can heal yourself by infusing magical energy.
You passively map a small area around you.
You do not regenerate.


Message History

The centaur hits you but does no damage.
You block the orc priest's attack. You block the ogre's attack.
The centaur hits you.
The orc priest hits you but does no damage.
The orc hits you but does no damage.
The orc wizard miscasts a cantrip.
The orc priest barely misses you.
You hit the centaur.
The centaur is severely wounded.
You barely miss the orc priest. You closely miss the ogre.
You hit the orc priest. You hit the orc. You block the centaur's attack.
The ogre hits you with a +0 giant club!!
* * * LOW HITPOINT WARNING * * *
The orc priest hits you but does no damage.
The centaur hits you but does no damage.
The orc hits you with a +2 vorpal flail.
* * * LOW HITPOINT WARNING * * *
The orc priest calls down the wrath of Beogh upon you.
Beogh smites you!
You die...

######......#.## , ,
#............#.## * ,
#######.............#.#.
*
.....................#.#
............###.......#.#
, ............ #..?.....#
, ).......####*
#........# <.......#
#..o.8...# ))......#
#o@8...8##* ........#
#coO.....# , ........#
#.o......# * , ........#
*#.......#.# , *
........# *...........
####.#### #........#. #
.# ** ..........# , * +
.., ##.........#


8 You could see an ogre, a centaur, 2 orc priests, an orc wizard and an orc.

Vanquished Creatures
  A wraith (Ossuary)
  A black bear (D:6)
  An ice beast (D:5)
  2 phantoms
  A sky beast (D:7)
  An ogre (D:6)
  2 centaurs (D:5)
  A big kobold (D:7)
  2 jellies
  A scorpion (D:5)
  3 wights (D:7)
  A crimson imp (D:6)
  7 hounds
  A human zombie (Ossuary)
  An orc priest (D:7)
  2 orc wizards
  3 worker ants
  A hound skeleton (D:4)
  3 mummies (Ossuary)
  A howler monkey zombie (D:5)
  4 adders
  An ooze (D:4)
  2 adder zombies
  A leopard gecko (D:6)
  7 orcs
  2 ball pythons
  A bat (D:3)
  2 giant cockroaches
  3 goblins
  2 hobgoblins
  6 jackals (D:6)
  5 kobolds
  3 quokkas
  4 frilled lizards
  2 giant cockroach zombies (D:1)
  2 goblin zombies (Ossuary)
  2 hobgoblin zombies (Ossuary)
  3 kobold zombies (Ossuary)
  A leopard gecko skeleton (D:7)
  2 orc zombies (Ossuary)
  2 rats (D:1)
93 creatures vanquished.

Vanquished Creatures (others)
  A rat (D:1)
1 creature vanquished.

Grand Total: 94 creatures vanquished

Notes
Turn   | Place    | Note
-------+----------+-------------------------------------------
     0 | D:1      | Flugslaktarn the Deep Dwarf Fighter began the quest for the
                  | Orb.
     0 | D:1      | Reached XP level 1. HP: 20/20 MP: 1/1
   178 | D:2      | Reached XP level 2. HP: 24/27 MP: 2/2
   371 | D:4      | Reached XP level 3. HP: 25/34 MP: 3/3
   379 | D:4      | Found a burning altar of Makhleb.
   399 | D:4      | Reached XP level 4. HP: 21/42 MP: 4/4
   401 | D:4      | Became a worshipper of Makhleb the Destroyer
   474 | D:4      | Noticed a phantom
   499 | D:4      | Killed a phantom
   499 | D:4      | Reached skill level 1 in Invocations
   499 | D:4      | Reached XP level 5. HP: 44/49 MP: 4/6
   606 | D:4      | Found a staircase to the Ecumenical Temple.
   632 | D:5      | Entered Level 5 of the Dungeon
   632 | D:5      | Noticed a centaur
   646 | D:5      | Killed a centaur
   646 | D:5      | Reached XP level 6. HP: 36/57 MP: 7/7
   706 | D:5      | Found the +9 staff of Olgreb {rPois∞}
   792 | D:5      | Noticed a soldier ant
   840 | D:5      | Noticed a water moccasin
   840 | D:5      | Noticed a water moccasin
   841 | D:5      | Found a runed translucent gate.
   841 | D:5      | Found a runed translucent gate.
   841 | D:5      | Found a runed translucent gate.
   841 | D:5      | Noticed a water moccasin
   851 | D:5      | Found a runed translucent door.
   864 | D:5      | Reached skill level 5 in Armour
   864 | D:5      | Reached skill level 5 in Shields
   864 | D:5      | Reached XP level 7. HP: 57/64 MP: 8/8
   948 | D:5      | Found a sand-covered staircase.
   974 | Ossuary  | Entered an ossuary
   974 | Ossuary  | Noticed a wraith
   974 | Ossuary  | Noticed a wraith
   974 | Ossuary  | Noticed a wraith
   988 | Ossuary  | Reached * piety under Makhleb
  1251 | Ossuary  | Noticed a wraith
  1276 | Ossuary  | Killed a wraith
  2001 | D:5      | Reached skill level 5 in Axes
  2001 | D:5      | Reached XP level 8. HP: 35/73 MP: 9/9
  2229 | D:5      | Found a runed translucent door.
  2462 | D:6      | Reached skill level 5 in Invocations
  2759 | D:6      | Reached ** piety under Makhleb
  3132 | D:6      | Reached skill level 5 in Fighting
  3378 | D:7      | Killed from afar by an orc priest

Levels and vault maps discovered:
D:1:      saegor_arrival_fortress, layout_loops_corners, lemuel_flame_loot_1
D:2:      layout_basic, minmay_tripent
D:3:      layout_basic, first_ration, minmay_stone_trees_small, uniq_terence
D:4:      layout_cave_pools, minmay_temple_entry_glassed_door, bloody_makhleb
D:5:      kennysheep_six_static_rooms, layout_basic,
          chequers_ossuary_entry_cave, minmay_guarded_unrand_staff_of_olgreb
D:6:      layout_layer_cave
D:7:      wad_pebble_path, layout_basic, kennysheep_little_box,
          palyth_stone_intersect

Skill      XL: |  1  2  3  4  5  6  7  8 |
---------------+-------------------------+-----
Fighting       | 3 4 5 |  5.2
Axes           | 3 4 5 6 |  6.5
Armour         | 4 5 6 |  6.3
Shields        | 4 5 6 |  6.3
Invocations    | 1 2 3 4 5 |  5.7

Action                   |  1- 3 |  4- 6 |  7- 9 || total
-------------------------+-------+-------+-------++-------
Melee: War axe           |    59 |   102 |   341 ||   502
 Abil: Heal Wounds       |       |     3 |    14 ||    17
  Use: Scroll            |       |       |    12 ||    12
       Potion            |       |       |     1 ||     1
  Eat: Chunk             |       |       |     4 ||     4
       Ration            |       |       |     2 ||     2
Armor: Scale mail        |    19 |    39 |    38 ||    96
       Chain mail        |       |       |   189 ||   189
Dodge: Dodged            |    21 |    31 |    91 ||   143
Block: Kite shield       |    31 |    62 |   208 ||   301

Table legend:
 A = Non-vault XP
 B = Vault XP
 C = Vault XP percentage of total XP
 D = Non-vault monster count
 E = Vault monster count
 F = Vault count percentage of total count
                 A         B        C        D         E       F
            +---------+---------+-------+---------+---------+-------
      Total |    2014 |     477 |  19.1 |      72 |      21 |  22.6
            +---------+---------+-------+---------+---------+-------
        D:1 |       6 |       2 |  25.0 |       4 |       2 |  33.3
        D:2 |       4 |       0 |   0.0 |       2 |       0 |   0.0
        D:3 |      24 |       0 |   0.0 |       7 |       0 |   0.0
        D:4 |     298 |       0 |   0.0 |      14 |       0 |   0.0
        D:5 |     661 |     160 |  19.5 |      13 |       5 |  27.8
        D:6 |     483 |       0 |   0.0 |      16 |       0 |   0.0
        D:7 |     538 |       0 |   0.0 |      16 |       0 |   0.0
    Ossuary |       0 |     315 | 100.0 |       0 |      14 | 100.0
            +---------+---------+-------+---------+---------+-------
